 Dungeon Sprint DCSS version 0.30.1-4-g462c640d31 (webtiles) character file.

Game seed: 8608119671482945269

2412 Heoruswealwe the Severer (level 9, -3/93 HPs)
             Began as a Hill Orc Fighter on Aug 22, 2023.
             Was a Believer of the Shining One.
             Slain by a deep troll (10 damage)
             ... in the Dungeon (Sprint I: "Red Sonja").
             The game lasted 00:06:44 (400 turns).

Heoruswealwe the Severer (Hill Orc Fighter)          Turns: 400, Time: 00:06:47

Health: -3/93      AC:  7    Str: 23    XL:     9   Next: 47%
Magic:  9/9        EV: 10    Int:  8    God:    the Shining One [**....]
Gold:   63         SH:  4    Dex: 10    Spells: 8/8 levels left

rFire   . . .        a - +0 war axe
rCold   . . .        d - +0 buckler
rNeg    + . .        c - +3 leather armour of Elitism {Slay+5}
rPois   .            (no helmet)
rElec   .            (no cloak)
rCorr   .            (no gloves)
SInv    .            (no boots)
Will    .....        (no amulet)
Stlth   +            (no ring)
HPRegen 0.35/turn    (no ring)
MPRegen 0.11/turn

%: no teleportation
@: mighty, hasted (expiring), glowing, very quick
A: no striking features
a: Renounce Religion, Divine Shield


You were in the Dungeon.
You worshipped the Shining One.
The Shining One was pleased with you.
You visited 1 branch You collected 459 gold pieces.
You spent 396 gold pieces at shops.

Inventory:

Hand Weapons
 a - a +0 war axe (weapon)
Armour
 c - the +3 leather armour of Elitism (worn) {Slay+5}
   (You found it in the Dungeon)

   Slay:      It affects your accuracy & damage with ranged weapons and melee
   (+5).
 d - a +0 buckler (worn)
Wands
 f - a wand of digging (5)
Scrolls
 j - 2 scrolls of blinking
Potions
 b - a potion of mutation
 e - 2 potions of curing
 g - a potion of haste
 i - 2 potions of might
 k - a potion of berserk rage


   Skills:
 + Level 13.1 Fighting
 * Level 19.1 Axes
 + Level 12.1 Armour
 - Level 3.2 Shields


You had 8 spell levels left.
You didn't know any spells.
Your spell library was empty.

Dungeon Overview and Level Annotations

Branches:
Dungeon (1/1)

Altars:
Cheibriados
Dithmenos
Elyvilon
Fedhas
Gozag
Hepliaklqana
Kikubaaqudgha
Makhleb
Nemelex Xobeh
Okawaru
Qazlal
Ru
Sif Muna
Trog
Uskayaw
Vehumet
Wu Jian
Xom
Yredelemnul
Zin
The Shining One
Jiyva
Lugonu

Shops:
D !


Message History

Your experience leads to an increase in your attributes!
Increase (S)trength, (I)ntelligence, or (D)exterity?
You feel stronger. x2
You slice the centaur warrior!!
You kill the centaur warrior!
You hear a splash.
Your Fighting skill increases to level 13!
Your Axes skill increases to level 19!
Your Armour skill increases to level 12!
You see here a +0 shortbow.
You enter the shallow water.
Moving in this stuff is going to be slow.
You open the door.
Found a scroll of blinking, a grey potion and a cloak.
Found 12 gold pieces.
There is an open door here.
Your extra speed is starting to run out.
j - 2 scrolls of blinking (gained 1)
You open the door.
A deep troll comes into view.
The deep troll shouts!
Found 54 gold pieces.
You barely miss the deep troll. The deep troll bites you!
The deep troll closely misses you. The deep troll claws you!
You slash the deep troll!
The deep troll is lightly wounded.
You slash the deep troll!
The deep troll is heavily wounded.
The deep troll bites you. The deep troll completely misses you.
The deep troll claws you!
You slash the deep troll!
The deep troll is severely wounded.
You slash the deep troll!
The deep troll is almost dead.
The deep troll bites you!
* * * LOW HITPOINT WARNING * * *
The deep troll claws you!
* * * LOW HITPOINT WARNING * * *
The deep troll claws you!
You die...

<.#..)..#..'..#__#..')..#
..)..#..').#..'..'..#)..#
..#####'#####'#__####...+
..####..#[!!#.####§§#####
..#__####..##.#~§§§.#
..#_____##'#_.+§§§).+
⌠⌠#_.∩...†..._#§§§§§#
#.#_..__##_.#'##'####
..#_____###+#(#§@!$#
######### ####T### $.$
#####


You could see a deep troll.

Vanquished Creatures
  2 centaur warriors (D)
  2 kobold demonologists (D)
  Sigmund (D)
  A slime creature (D)
  A yak (D)
  A floating eye (D)
  An ogre (D)
  A jelly (D)
  Ijyb (D)
11 creatures vanquished.

Notes
Turn   | Place    | Note
-------+----------+-------------------------------------------
     0 | D        | Heoruswealwe the Hill Orc Fighter began the quest for the
                  | Orb.
     0 | D        | Reached XP level 1. HP: 19/19 MP: 1/1
     1 | D        | Noticed Ijyb
    18 | D        | Killed Ijyb
    19 | D        | Reached skill level 5 in Fighting
    19 | D        | Reached skill level 5 in Axes
    19 | D        | Reached XP level 2. HP: 27/29 MP: 2/2
    19 | D        | Reached XP level 3. HP: 33/36 MP: 3/3
    42 | D        | Noticed an ogre
    47 | D        | Killed an ogre
    48 | D        | Reached skill level 8 in Axes
    48 | D        | Reached XP level 4. HP: 45/45 MP: 4/4
    93 | D        | Noticed Sigmund
    98 | D        | Killed Sigmund
    99 | D        | Reached skill level 11 in Axes
    99 | D        | Reached XP level 5. HP: 55/55 MP: 5/5
    99 | D        | Reached XP level 6. HP: 62/62 MP: 6/6
   112 | D        | Found an ornate altar of the Wu Jian Council.
   112 | D        | Found a shimmering blue altar of Sif Muna.
   114 | D        | Found a radiant altar of Vehumet.
   114 | D        | Identified the +3 leather armour of Elitism {Slay+5}
   119 | D        | Reached skill level 12 in Axes
   183 | D        | Found Uvosust's Distillery.
   183 | D        | Found an ancient bone altar of Kikubaaqudgha.
   183 | D        | Found a hazy altar of Hepliaklqana.
   183 | D        | Found a stormy altar of Qazlal.
   183 | D        | Found a hide-covered altar of Uskayaw.
   183 | D        | Found a blossoming altar of Fedhas.
   183 | D        | Found a bloodstained altar of Trog.
   183 | D        | Found an iron altar of Okawaru.
   183 | D        | Found a basalt altar of Yredelemnul.
   183 | D        | Found a glowing golden altar of the Shining One.
   183 | D        | Found a snail-covered altar of Cheibriados.
   183 | D        | Found a sacrificial altar of Ru.
   183 | D        | Found a glowing silver altar of Zin.
   183 | D        | Found a shadowy altar of Dithmenos.
   183 | D        | Found a white marble altar of Elyvilon.
   183 | D        | Noticed a yak
   189 | D        | Killed a yak
   190 | D        | Reached skill level 13 in Axes
   190 | D        | Reached XP level 7. HP: 61/70 MP: 7/7
   190 | D        | Found an opulent altar of Gozag.
   191 | D        | Found a sparkling altar of Nemelex Xobeh.
   197 | D        | Became a worshipper of the Shining One
   200 | D        | Bought a potion of might for 48 gold pieces
   200 | D        | Bought a potion of haste for 120 gold pieces
   200 | D        | Bought a potion of curing for 36 gold pieces
   200 | D        | Bought a potion of mutation for 96 gold pieces
   200 | D        | Bought a potion of might for 48 gold pieces
   231 | D        | Found a burning altar of Makhleb.
   231 | D        | Found a viscous altar of Jiyva.
   231 | D        | Found a shimmering altar of Xom.
   231 | D        | Found a corrupted altar of Lugonu.
   231 | D        | Noticed a slime creature
   237 | D        | Killed a slime creature
   238 | D        | Reached skill level 10 in Fighting
   238 | D        | Reached skill level 14 in Axes
   266 | D        | Bought a potion of degeneration for 12 gold pieces
   266 | D        | Bought a potion of lignification for 36 gold pieces
   352 | D        | Noticed a kobold demonologist
   352 | D        | Reached * piety under the Shining One
   352 | D        | Noticed a kobold demonologist
   357 | D        | Killed a kobold demonologist
   357 | D        | Reached ** piety under the Shining One
   358 | D        | Reached skill level 15 in Axes
   358 | D        | Reached skill level 10 in Armour
   358 | D        | Reached XP level 8. HP: 82/82 MP: 8/8
   361 | D        | Killed a kobold demonologist
   362 | D        | Reached skill level 16 in Axes
   375 | D        | Noticed a centaur warrior
   376 | D        | Noticed a centaur warrior
   386 | D        | Killed a centaur warrior
   387 | D        | Reached skill level 18 in Axes
   387 | D        | Reached XP level 9. HP: 62/91 MP: 9/9
   387 | D        | Killed a centaur warrior
   388 | D        | Reached skill level 19 in Axes
   395 | D        | Noticed a deep troll
   400 | D        | Slain by a deep troll

Illustrated notes

Levels and vault maps discovered:
D:        dungeon_sprint_1 [red_sonja_temple_1, red_sonja_temple_small_1]

Skill      XL: |  1  2  3  4  5  6  7  8  9 |
---------------+----------------------------+-----
Fighting       | 5 6 8 9 11 12 13 | 13.1
Axes           | 5 8 11 13 15 18 19 | 19.1
Armour         | 4 6 7 8 10 11 12 | 12.1
Shields        | |  3.2

Action                     |  1- 3 |  4- 6 |  7- 9 || total
---------------------------+-------+-------+-------++-------
  Melee: War axe           |    19 |    13 |    24 ||    56
  Evoke: Wand              |     1 |       |       ||     1
    Use: Potion            |     2 |       |     3 ||     5
 Armour: Scale mail        |     4 |     1 |       ||     5
         Leather armour    |       |     1 |     8 ||     9
  Dodge: Dodged            |     5 |     3 |     3 ||    11
  Block: Buckler           |     3 |     2 |     6 ||    11
